 Dungeon Crawl Stone Soup version 0.25-a0-35-g747a2b3c0c (webtiles) character file.

Game seed: 918474425248371565, levelgen mode: deterministic

127 Arixos the Skirmisher (level 4, -2/37 HPs)
             Began as a Demonspawn Monk on Oct 19, 2019.
             Killed from afar by a white imp (10 damage)
             ... with a puff of frost
             ... summoned by Natasha
             ... on level 1 of the Dungeon.
             The game lasted 00:07:09 (2432 turns).

Arixos the Skirmisher (Demonspawn Monk)             Turns: 2432, Time: 00:07:10

Health: -2/37      AC: 13    Str: 12    XL:     4   Next: 85%
Magic:  4/4        EV:  6    Int: 11    God:
Gold:   63         SH:  0    Dex: 16    Spells: 3/3 levels left

rFire    + . .     SeeInvis .   j - +1 short sword (elec)
rCold    . . .     Gourm    .   (no shield)
rNeg     . . .     Faith    .   c - +3 chain mail {rF+}
rPois    .         Spirit   .   (no helmet)
rElec    .         Reflect  .   (no cloak)
rCorr    .         Harm     .   (no gloves)
MR       .....                  (no boots)
Stlth    ..........             (no amulet)
HPRegen  0.12/turn              (no ring)
MPRegen  0.09/turn              (no ring)

@: no status effects
A: yellow scales 1, nightstalker 1
a: no special abilities


You were on level 1 of the Dungeon.
You were hungry.

You visited 1 branch of the dungeon, and saw 2 of its levels.

You collected 63 gold pieces.

Inventory:

Hand Weapons
 j - a +1 short sword of electrocution (weapon)
Armour
 c - a +3 chain mail of fire resistance (worn)
Scrolls
 e - a scroll of noise {unknown}
 i - a scroll of identify {unknown}
Potions
 f - a potion of heal wounds {unknown}
 h - a potion of invisibility {unknown}
Comestibles
 b - a ration


   Skills:
 + Level 3.6 Fighting
 + Level 1.3 Short Blades
 + Level 1.6 Armour
 + Level 3.3 Dodging
 + Level 2.5 Stealth
 - Level 2.8 Unarmed Combat


You had 3 spell levels left.
You didn't know any spells.
Your spell library was empty.

Dungeon Overview and Level Annotations

Branches:
Dungeon (2/15)

Altars:

Annotations:
D:1 Natasha
D:2 Sigmund


Innate Abilities, Weirdness & Mutations

You are partially covered in yellow scales. (AC +2)
You are slightly more attuned to the shadows.


Message History

Natasha mumbles some strange words.
The white imp hits you but does no damage.
You hit Natasha but do no damage.
Natasha is heavily wounded.
Natasha wildly gestures.
You feel disoriented. Natasha claws you but does no damage.
The white imp gestures at you. The puff of frost hits you!
You miss Natasha.
Natasha is heavily wounded.
Natasha claws you but does no damage. The white imp barely misses you.
The white imp gestures at you. The puff of frost hits you!
The white imp hits you but does no damage.
Natasha claws you.
* * * LOW HITPOINT WARNING * * *
The white imp gestures at you. The puff of frost hits you!
You die...

≈≈≈≈≈≈≈≈≈≈≈≈≈≈≈≈≈≈≈≈≈≈*
≈≈≈≈≈≈≈≈≈≈≈≈≈≈≈≈≈≈≈≈≈≈*
≈≈≈≈≈≈≈≈≈.≈≈≈≈≈≈≈≈≈≈≈≈#
≈≈≈≈,≈,,≈..≈≈..≈≈...≈≈#
≈≈≈,,,,,..............#
≈≈,,,,,,.......5..♣...#
≈,,,,,,,.......5.....P#
≈,,,P,,,......hP.....♣*
≈,,,,,,*P.P♣♣.##@..##P#
,,,,*,**##**####'''# **
#### ,,,,,,P* #....#
#... ≈,,,,,,* #.####
#... ≈,,,,,P* #)# ##...
,,,,,,,* #.# #....
,,,,,*** #.# ##....
*,,,** #.# #..###
*,,P<* #.# #..#


You could see Natasha and 2 white imps.

Vanquished Creatures
  Terence (D:1)
  Natasha (twice) (D:1)
  2 adders
  An ooze (D:1)
  A worm (D:1)
  A dart slug (D:1)
  A giant cockroach (D:1)
  A hobgoblin (D:1)
  6 bats (D:1)
  A frilled lizard (D:1)
  5 goblins (D:1)
  6 kobolds (D:1)
  4 rats (D:1)
32 creatures vanquished.

Notes
Turn   | Place    | Note
-------+----------+-------------------------------------------
     0 | D:1      | Arixos the Demonspawn Monk began the quest for the Orb.
     0 | D:1      | Reached XP level 1. HP: 18/18 MP: 1/1
    66 | D:1      | Gained mutation: You are slightly more attuned to the
                  | shadows. [demonic ancestry]
    66 | D:1      | Reached XP level 2. HP: 19/24 MP: 2/2
   892 | D:1      | Reached skill level 1 in Armour
   959 | D:1      | Gained mutation: You are partially covered in yellow
                  | scales. (AC +2) [demonic ancestry]
   959 | D:1      | Reached XP level 3. HP: 29/29 MP: 3/3
  1191 | D:2      | Noticed Sigmund
  1209 | D:2      | Noticed Terence
  1325 | D:2      | Noticed Natasha
  1387 | D:1      | Killed Terence
  1694 | D:1      | Reached skill level 1 in Short Blades
  1713 | D:1      | Reached XP level 4. HP: 23/35 MP: 4/4
  1884 | D:1      | Killed Natasha
  2349 | D:1      | Noticed Natasha
  2357 | D:1      | Killed Natasha
  2421 | D:1      | Noticed Natasha
  2432 | D:1      | Killed from afar by a white imp

Levels and vault maps discovered:
D:1:      kennysheep_arrival_seaside, layout_rooms, minmay_hedge_maze,
          serial_bayou_pond_d
D:2:      layout_loops_ring, first_ration, uniq_terence, uniq_natasha,
          uniq_sigmund

Skill      XL: |  1  2  3 |
---------------+----------+-----
Dodging        | 3 |  3.3
Stealth        | 2 |  2.5
Armour         | 1 |  1.6
Short Blades   | 1 |  1.3
Fighting       | |  3.6
Unarmed Combat | |  2.8

Action                   |  1- 3 |  4- 6 || total
-------------------------+-------+-------++-------
Melee: Unarmed           |    19 |       ||    19
       Punch             |     2 |       ||     2
       Dagger            |    62 |       ||    62
       Short sword       |    31 |    21 ||    52
  Use: Potion            |     1 |       ||     1
 Stab: Sleeping          |     5 |       ||     5
  Eat: Chunk             |     1 |     3 ||     4
Armor: Robe              |    19 |       ||    19
       Chain mail        |    13 |    17 ||    30
Dodge: Dodged            |    87 |     6 ||    93

Table legend:
 A = Non-vault XP
 B = Vault XP
 C = Vault XP percentage of total XP
 D = Non-vault monster count
 E = Vault monster count
 F = Vault count percentage of total count
                 A         B        C        D         E       F
            +---------+---------+-------+---------+---------+-------
      Total |     111 |      71 |  39.0 |      30 |       2 |   6.2
            +---------+---------+-------+---------+---------+-------
        D:1 |      98 |      71 |  42.0 |      29 |       2 |   6.5
        D:2 |      13 |       0 |   0.0 |       1 |       0 |   0.0
            +---------+---------+-------+---------+---------+-------
